 Dungeon Crawl Stone Soup version 0.29.0-7-g18a832c13a (webtiles) character file.

Game seed: 17060903657869780566

6528 Querens the Protected (level 11, -1/97 HPs)
             Began as a Meteoran Fighter on Aug 30, 2022.
             Was a Priest of Okawaru.
             Slain by a boulder beetle (54 damage)
             ... on level 9 of the Dungeon.
             The game lasted 00:21:01 (4688 turns).

Querens the Protected (Meteoran Fighter)            Turns: 4688, Time: 00:21:02

Health: -1/97      AC: 21    Str: 21    XL:     11   Next: 43%
Magic:  25/25      EV:  7    Int: 11    God:    Okawaru [***...]
Gold:   485        SH:  6    Dex: 14    Spells: 10/10 levels left

rFire   . . .      SeeInvis .   E - +9 rapier of the Cursing Gods {spect, +Blink rElec MP+9}
rCold   + . .      Faith    +   c - +0 buckler
rNeg    . . .      Spirit   .   M - +0 plate armour
rPois   .          Reflect  .   (no helmet)
rElec   +          Harm     .   r - +0 cloak
rCorr   .          Rampage  .   e - +0 pair of gloves
Will    +....                   (no boots)
Stlth   ..........              k - amulet of faith
HPRegen 0.26/turn               t - +4 ring of protection
MPRegen 0.19/turn               B - ring of protection from cold

@: glowing
A: sense surroundings 2, otherworldly, glowing, explore regen
a: Renounce Religion, Evoke Blink, Heroism


You were on level 9 of the Dungeon.
You worshipped Okawaru.
Okawaru was most pleased with you.
You visited 2 branches of the dungeon, and saw 10 of its levels.

You collected 485 gold pieces.

Inventory:

Hand Weapons
 a - a +0 war axe
 E - the +9 rapier of the Cursing Gods (weapon) {spect, +Blink rElec MP+9}
   (You took it off a kobold on level 6 of the Dungeon)

   When its wielder attacks, the weapon's spirit leaps out and strikes again.
   The spirit shares a part of any damage it takes with its wielder.
   rElec:     It insulates you from electricity.
   MP:        It affects your magic capacity (+9).
   +Blink:    It lets you blink.
Missiles
 L - 3 datura-tipped darts (quivered)
Armour
 c - a +0 buckler (worn)
 e - a +0 pair of gloves (worn)
 r - a +0 cloak (worn)
 M - a +0 plate armour (worn)
Jewellery
 k - an amulet of faith (around neck)
 t - a +4 ring of protection (left hand)
 B - a ring of protection from cold (right hand)
 G - a ring of see invisible
 K - a ring of poison resistance
Wands
 s - a wand of polymorph (10)
 x - a wand of light (1)
 O - a wand of mindburst (2)
Scrolls
 b - a scroll of summoning {unknown}
 g - 2 scrolls of noise {unknown}
 h - a scroll of torment {unknown}
 i - a scroll of silence {unknown}
 j - a scroll of vulnerability {unknown}
 m - 4 scrolls of fog
 n - 2 scrolls of teleportation
 v - 4 scrolls of enchant weapon {unknown}
 y - 2 scrolls of poison {unknown}
 D - 2 scrolls of blinking {unknown}
 F - 2 scrolls of enchant armour {unknown}
 H - 2 scrolls of brand weapon {unknown}
 I - 3 scrolls of immolation {unknown}
 J - a scroll of magic mapping {unknown}
 N - a scroll of identify
Potions
 d - a potion of might
 f - 2 potions of curing
 l - a potion of haste {unknown}
 o - a potion of attraction {unknown}
 p - 2 potions of berserk rage
 q - 3 potions of heal wounds {unknown}
 u - a potion of mutation {unknown}
 w - 3 potions of magic
 z - 3 potions of brilliance {unknown}
 A - a potion of flight {unknown}
 C - a potion of ambrosia {unknown}


   Skills:
 + Level 9.0 Fighting
 + Level 4.6 Short Blades
 + Level 9.2 Axes
 + Level 9.7 Armour
 + Level 2.6 Dodging
 + Level 9.6 Shields
 + Level 5.4 Invocations


You had 10 spell levels left.
You didn't know any spells.
Your spell library contained the following spells:

 Spells                   Type           Power      Damage    Failure   Level
 Conjure Flame            Conj/Fire      0%         6-21      100%        3
 Gell's Gravitas          Tloc           0%         N/A       100%        3
 Ignite Poison            Fire/Tmut/Pois 0%         N/A       100%        3
 Lesser Beckoning         Tloc           0%         N/A       100%        3
 Teleport Other           Tloc           0%         N/A       100%        3
 Sticky Flame             Conj/Fire      0%         2d3       100%        4


Dungeon Overview and Level Annotations

Branches:
Dungeon (9/15) Zot: 903    Temple (1/1) D:7 Zot: 465
   Lair: D:8-11         Orc: D:9-12

Altars:
Ashenzari
Cheibriados
Dithmenos
Elyvilon
Fedhas
Gozag
Hepliaklqana
Kikubaaqudgha
Makhleb
Nemelex Xobeh
Okawaru
Qazlal
Ru
Sif Muna
Trog
Vehumet
Wu Jian
Xom
Zin
The Shining One


Innate Abilities, Weirdness & Mutations

You passively map the area around you.
You are easily found by Zot.
You glow in the dark.
You regain HP and MP as you explore.


Message History

There is an open door here.
You close the door.
A wight breaks down the door.
There is an open door here.
You see here a wyvern corpse.
You close the door, pushing everything out of the way.
You see here a wyvern corpse.
A wight opens the door.
You are no longer corroded.
There is an open door here.
As you read the scroll of teleportation, it crumbles to dust.
You feel strangely unstable.
The boulder beetle curls into a ball and begins rolling!
You close the door.
A wight breaks down the door.
Your surroundings suddenly seem different.
You feel like a meek peon again.
A wight is nearby!
A wight is nearby!
You start waiting.
A wight is nearby!
You hit the wight.
The wight is moderately damaged.
Your +9 rapier of the Cursing Gods {spect, +Blink rElec MP+9} hits the wight!
You destroy the wight!
Okawaru accepts your kill.
You swap places.
(D) Dungeon (T) Temple
Where to? (Enter - D:9 @ (x,y), ? - help)
Okay, then.
Unknown command.
Found a stone staircase leading up.
You see here a +0 rapier.
You see here a +0 rapier.
Things that are here:
a +5 trident; a +0 robe
Items here: )) [[.
The boulder beetle curls into a ball and begins rolling!
The boulder beetle hits you!!!
Ouch! That really hurt!
You die...

#........#######################
#........#.....O....#<.......###
##†.......#.########)#######)....
.....##.###.#......#...## #..###
........†..............># #.....
#.#.###.###.#....).#....# #...#.
........# #.#......#....# #...#.
..#.#.### #........#....# #)....
..#)#.### ###...@.##....####).##)
.,#.#...#####....B##........)..#.
. #+###.....................)..#.
, #..........####.#.########. ,
,#..........# #.....z...... , ,
#..........######.######### , ,
#.....................#.... ,,
#.........#######+###.#.##. ,,,
#.........# #.[.....#.##.


You could see a boulder beetle (rolling).

Vanquished Creatures
  2 two-headed ogres
  A troll (D:6)
  A hornet (D:9)
  A wraith (D:8)
  6 wyverns
  2 steam dragons
  Menkaure (D:5)
  An acid dragon (D:9)
  3 water moccasins
  An orc warrior (D:8)
  An ice beast (D:6)
  2 sky beasts (D:7)
  A black bear (D:6)
  3 centaurs
  2 ogres
  2 kobold brigands
  3 necrophages (D:5)
  2 bullfrogs
  A gnoll sergeant (D:5)
  4 scorpions
  9 wights
  6 howler monkeys
  2 hounds
  A jelly (D:8)
  6 orc priests
  Jessica (D:3)
  Ijyb (D:3)
  7 iguanas
  5 orc wizards
  A mummy (D:8)
  3 gnolls (D:5)
  7 adders
  2 shadow imps
  A white imp (D:6)
  An ufetubus (D:5)
  A worm (D:2)
  3 dart slugs
  24 orcs
  3 ball pythons
  3 endoplasms
  3 giant cockroaches
  6 goblins
  11 hobgoblins
  4 jackals (D:2)
  22 kobolds
  2 quokkas (D:1)
  4 frilled lizards
  A hobgoblin zombie (D:8)
  2 kobold zombies (D:8)
  An orc zombie (D:8)
  2 rats
  A butterfly (D:6)
186 creatures vanquished.

Vanquished Creatures (others)
  2 plants (D:5)
2 creatures vanquished.

Grand Total: 188 creatures vanquished

Notes
Turn   | Place    | Note
-------+----------+-------------------------------------------
     0 | D:1      | Querens the Meteoran Fighter began the quest for the Orb.
     0 | D:1      | Reached XP level 1. HP: 19/19 MP: 2/2
   307 | D:1      | Reached XP level 2. HP: 26/26 MP: 3/3
   443 | D:1      | Noticed a shining eye
   454 | D:1      | Found a faded altar of an unknown god.
   457 | D:1      | Noticed a shining eye
   457 | D:1      | Noticed a golden eye
   457 | D:1      | Noticed a great orb of eyes
   480 | D:1      | Glimpsed the power of Zot.
   530 | D:1      | Glimpsed the power of Zot.
   568 | D:1      | Glimpsed the power of Zot.
   571 | D:1      | Reached XP level 3. HP: 31/31 MP: 4/4
   577 | D:1      | Touched by the power of Zot.
   706 | D:2      | Found a sparkling altar of Nemelex Xobeh.
   797 | D:2      | Reached XP level 4. HP: 29/31 MP: 5/5
  1200 | D:3      | Noticed Ijyb
  1225 | D:3      | Killed Ijyb
  1226 | D:3      | Reached XP level 5. HP: 30/41 MP: 6/6
  1333 | D:3      | Found an ornate altar of the Wu Jian Council.
  1367 | D:3      | Noticed Jessica
  1370 | D:3      | Killed Jessica
  1576 | D:3      | Reached XP level 6. HP: 52/52 MP: 7/7
  1921 | D:4      | Reached skill level 5 in Armour
  1921 | D:4      | Reached skill level 5 in Shields
  2073 | D:4      | Noticed an ogre
  2081 | D:4      | Reached XP level 7. HP: 48/60 MP: 8/8
  2085 | D:4      | Reached skill level 5 in Fighting
  2135 | D:4      | Found a shadowy altar of Dithmenos.
  2216 | D:4      | Reached skill level 5 in Axes
  2248 | D:5      | Entered Level 5 of the Dungeon
  2276 | D:5      | Reached XP level 8. HP: 64/68 MP: 9/9
  2355 | D:5      | Noticed Menkaure
  2367 | D:5      | Killed Menkaure
  2674 | D:6      | Gained mutation: You passively map the area around you.
                  | [Meteoran growth]
  2674 | D:6      | Reached XP level 9. HP: 22/77 MP: 10/10
  2823 | D:6      | Identified the +9 rapier of the Cursing Gods {spect, +Blink
                  | rElec MP+9}
  2825 | D:6      | Noticed a troll
  2837 | D:6      | Killed a troll
  3031 | D:6      | Found a shimmering altar of Xom.
  3039 | D:6      | Found an opulent altar of Gozag.
  3137 | D:7      | Reached skill level 1 in Short Blades
  3164 | D:7      | Found a white marble altar of Elyvilon.
  3167 | D:7      | Found a bloodstained altar of Trog.
  3170 | D:7      | Found a shimmering blue altar of Sif Muna.
  3173 | D:7      | Found an iron altar of Okawaru.
  3186 | D:7      | Became a worshipper of Warmaster Okawaru
  3222 | D:7      | Reached XP level 10. HP: 86/86 MP: 11/11
  3260 | D:7      | Found a radiant altar of Vehumet.
  3266 | D:7      | Reached skill level 1 in Invocations
  3383 | D:7      | Found a staircase to the Ecumenical Temple.
  3400 | Temple   | Entered the Ecumenical Temple
  3703 | D:8      | Reached * piety under Okawaru
  3731 | D:8      | Noticed a two-headed ogre
  3983 | D:8      | Reached ** piety under Okawaru
  4134 | D:8      | Killed a two-headed ogre
  4200 | D:8      | Found a blossoming altar of Fedhas.
  4315 | D:9      | Reached XP level 11. HP: 91/95 MP: 15/15
  4334 | D:9      | Noticed a two-headed ogre
  4357 | D:9      | Killed a two-headed ogre
  4357 | D:9      | Reached *** piety under Okawaru
  4358 | D:9      | Reached skill level 1 in Dodging
  4385 | D:9      | Reached skill level 5 in Invocations
  4604 | D:9      | Noticed a boulder beetle
  4688 | D:9      | Slain by a boulder beetle

Illustrated notes

Levels and vault maps discovered:
D:1:      spicycebolla_green_bress_n_ham, layout_loops_corners,
          hellmonk_ecumenical_altar_watching_god, minivault_25,
          corexii_hall_statues_i, kennysheep_minor_cross
D:2:      layout_rooms, basic_altar
D:3:      minmay_door_path, layout_loops_ring, nzn_wu_jian_contemplation,
          minivault_25, minmay_misc_feat_diagonals, uniq_ijyb, uniq_jessica
D:4:      layout_gridville, minmay_ruined_shrine
D:5:      layout_cave_pools, nicolae_grassy_gnolls, uniq_menkaure
D:6:      layout_rooms, nicolae_gozag_cash_rules_everything_around_me,
          xom_butterflies, serial_corexii_hall, corexii_hall_statues_x,
          corexii_hall_statues_l
D:7:      layout_loops_cross, grunt_temple_overflow_cloverleaf,
          nicolae_vehumet_altar_sigil, minmay_temple_entry_arrows
D:8:      layout_gridville, old_standard_altar,
          hangedman_abyss_or_decor_stagger, minmay_mini_ossuary
D:9:      minmay_bubble_buster, layout_basic
Temple:   minmay_temple_curvy_loop

Skill      XL: |  1  2  3  4  5  6  7  8  9 10 11 |
---------------+----------------------------------+-----
Armour         | 4 5 6 8 9 |  9.7
Shields        | 4 5 6 8 9 |  9.6
Axes           | 3 4 5 6 7 8 9 |  9.2
Fighting       | 4 5 6 7 8 9 |  9.0
Short Blades   | 1 3 4 |  4.6
Invocations    | 4 5 |  5.4
Dodging        | 2 |  2.6

Action                   |  1- 3 |  4- 6 |  7- 9 | 10-12 || total
-------------------------+-------+-------+-------+-------++-------
Melee: War axe           |    80 |   101 |   150 |       ||   331
       Unarmed           |       |    13 |       |       ||    13
       Rapier            |       |       |    10 |   133 ||   143
Throw: Dart              |       |       |       |     4 ||     4
Invok: Heroism           |       |       |       |     5 ||     5
Evoke: Wand              |       |     2 |     2 |       ||     4
  Use: Potion            |       |       |     2 |     1 ||     3
       Scroll            |       |       |       |     6 ||     6
 Stab: Distracted        |       |       |       |     2 ||     2
Armor: Scale mail        |    39 |    49 |   114 |    36 ||   238
       Skin              |       |     3 |       |       ||     3
       Plate armour      |       |       |       |    42 ||    42
Dodge: Dodged            |    31 |    41 |    75 |    46 ||   193
Block: Buckler           |    25 |    38 |    49 |    41 ||   153
